TOP OF THE 1ST |
Rochester Red Wings batting - Pitching for Columbus Clippers : RHP Matt Zambon
|
Pitching: RHP Matt Zambon
|
|
Batting: RHB Jason Gee
|
0-0: Foul Ball, location: 2F 0-1: Ball 1-1: Swinging Strike 1-2: Strikes out swinging
|
Batting: SHB Ian Thompson
|
0-0: Ball 1-0: Fly out, F9 (Flyball, 9S, EV 75.0 MPH)
|
Batting: LHB Jon Ventura
|
0-0: Ball 1-0: Foul Ball, location: 2F 1-1: Ball 2-1: Ball 3-1: Called Strike 3-2: Strikes out swinging
|
Top of the 1st over - 0 runs, 0 hits, 0 errors, 0 left on base; Rochester 0 - Columbus 0 |
BOTTOM OF THE 1ST |
Columbus Clippers batting - Pitching for Rochester Red Wings : RHP Mike Moon
|
Pitching: RHP Mike Moon
|
|
Batting: RHB Jason Sher
|
0-0: Fly out, F8 (Line Drive, 8RD, EV 105.0 MPH)
|
Batting: RHB Mike Quackenbush
|
0-0: SINGLE (Groundball, 4MD, EV 100.0 MPH)
|
Batting: SHB Valentin Laporte
|
0-0: Called Strike Mike Quackenbush is caught stealing 2nd base 2-6 0-1: Foul Ball, location: 2F 0-2: Ball 1-2: Ground out 6-3 (Groundball, 6MS, EV 89.4 MPH)
|
Bottom of the 1st over - 0 runs, 1 hit, 0 errors, 0 left on base; Rochester 0 - Columbus 0 |
TOP OF THE 2ND |
Rochester Red Wings batting - Pitching for Columbus Clippers : RHP Matt Zambon
|
Batting: RHB Leo Gonzalez
|
0-0: Fly out, F8 (Line Drive, 8RM, EV 106.9 MPH)
|
Batting: RHB José Molina
|
0-0: Ball 1-0: Swinging Strike 1-1: Foul Ball, location: 2F 1-2: Foul Ball, location: 2F 1-2: Foul Ball, location: 2F 1-2: Foul Ball, location: 2F 1-2: Strikes out looking
|
Batting: RHB Josh Harmon
|
0-0: Called Strike 0-1: Ball 1-1: Called Strike 1-2: Foul Ball, location: 2F 1-2: Strikes out swinging
|
Top of the 2nd over - 0 runs, 0 hits, 0 errors, 0 left on base; Rochester 0 - Columbus 0 |
BOTTOM OF THE 2ND |
Columbus Clippers batting - Pitching for Rochester Red Wings : RHP Mike Moon
|
Batting: LHB Zion Davidson
|
0-0: Foul Ball, location: 2F 0-1: Ground out 3-1 (Groundball, 34S, EV 87.5 MPH)
|
Batting: RHB Chad Thompson
|
0-0: Called Strike 0-1: TRIPLE (Flyball, 7LD, EV 109.4 MPH)
|
Batting: RHB Kyle Scruggs
|
0-0: Ball 1-0: Ball 2-0: Ball 3-0: Base on Balls
|
Batting: RHB Josh Hoeye
|
0-0: Ball 1-0: Ball 2-0: Ball 3-0: Base on Balls Kyle Scruggs to second
|
Batting: SHB Scott Scott
|
0-0: Foul Ball, location: 2F 0-1: Ball 1-1: Ball 2-1: Foul Ball, location: 2F 2-2: Strikes out swinging
|
Batting: RHB George Wagner
|
0-0: Swinging Strike 0-1: SINGLE (Groundball, 4S, EV 72.5 MPH) (infield hit) Chad Thompson scores Kyle Scruggs to third Josh Hoeye to second
|
Batting: RHB Jason Sher
|
0-0: Foul Ball, location: 2F 0-1: Ball 1-1: Ball 2-1: Fly out, F7 (Flyball, 78S, EV 90.6 MPH)
|
Bottom of the 2nd over - 1 run, 2 hits, 0 errors, 3 left on base; Rochester 0 - Columbus 1 |
TOP OF THE 3RD |
Rochester Red Wings batting - Pitching for Columbus Clippers : RHP Matt Zambon
|
Batting: RHB Ryan Gautney
|
0-0: Ball 1-0: Ball 2-0: SINGLE (Line Drive, 9LS, EV 92.5 MPH)
|
Batting: RHB Pedro Pinero
|
0-0: Called Strike 0-1: Swinging Strike 0-2: Ball 1-2: Foul Ball, location: 2F 1-2: Ball 2-2: Strikes out swinging
|
Batting: RHB Dan Grable
|
0-0: Ball 1-0: Fly out, F8 (Flyball, 8LM, EV 81.2 MPH)
|
Batting: RHB Jason Gee
|
0-0: Ball 1-0: Swinging Strike 1-1: Swinging Strike 1-2: Ball 2-2: Strikes out swinging
|
Top of the 3rd over - 0 runs, 1 hit, 0 errors, 1 left on base; Rochester 0 - Columbus 1 |
BOTTOM OF THE 3RD |
Columbus Clippers batting - Pitching for Rochester Red Wings : RHP Mike Moon
|
Batting: RHB Mike Quackenbush
|
0-0: Called Strike 0-1: Foul Ball, location: 2F 0-2: Foul Ball, location: 2F 0-2: Foul Ball, location: 2F 0-2: Strikes out swinging
|
Batting: SHB Valentin Laporte
|
0-0: Foul Ball, location: 2F 0-1: Ball 1-1: Foul Ball, location: 2F 1-2: Ball 2-2: Strikes out swinging
|
Batting: LHB Zion Davidson
|
0-0: Called Strike 0-1: Ball 1-1: Ball 2-1: Called Strike 2-2: Ball 3-2: Strikes out looking
|
Bottom of the 3rd over - 0 runs, 0 hits, 0 errors, 0 left on base; Rochester 0 - Columbus 1 |
TOP OF THE 4TH |
Rochester Red Wings batting - Pitching for Columbus Clippers : RHP Matt Zambon
|
Batting: SHB Ian Thompson
|
0-0: SINGLE (Line Drive, 9S, EV 98.1 MPH)
|
Batting: LHB Jon Ventura
|
0-0: Called Strike 0-1: Ball 1-1: Called Strike 1-2: Ball 2-2: Ball 3-2: Base on Balls Ian Thompson to second
|
Batting: RHB Leo Gonzalez
|
0-0: Ball 1-0: Called Strike 1-1: Called Strike 1-2: Fielders Choice at 2nd, 3-6 (Groundball, 3S, EV 91.9 MPH) Ian Thompson to third
|
Batting: RHB José Molina
|
0-0: Called Strike 0-1: SINGLE (Groundball, 4MD, EV 95.6 MPH) Ian Thompson scores Leo Gonzalez to second
|
Batting: RHB Josh Harmon
|
0-0: Called Strike 0-1: Ball 1-1: Fly out, F7 (Flyball, 78M, EV 91.9 MPH)
|
Batting: RHB Ryan Gautney
|
0-0: Ball 1-0: Foul Ball, location: 2F 1-1: Fielders Choice at 2nd, 5-4 (Groundball, 56, EV 91.9 MPH)
|
Top of the 4th over - 1 run, 2 hits, 0 errors, 2 left on base; Rochester 1 - Columbus 1 |
BOTTOM OF THE 4TH |
Columbus Clippers batting - Pitching for Rochester Red Wings : RHP Mike Moon
|
Batting: RHB Chad Thompson
|
0-0: Ball 1-0: Ground out U3 (Groundball, 3, EV 90.0 MPH)
|
Batting: RHB Kyle Scruggs
|
0-0: Ground out 6-3 (Groundball, 6, EV 91.2 MPH)
|
Batting: RHB Josh Hoeye
|
0-0: Ball 1-0: Ball 2-0: Foul Ball, location: 2F 2-1: Ground out 5-3 (Groundball, 5S, EV 68.1 MPH)
|
Bottom of the 4th over - 0 runs, 0 hits, 0 errors, 0 left on base; Rochester 1 - Columbus 1 |
TOP OF THE 5TH |
Rochester Red Wings batting - Pitching for Columbus Clippers : RHP Matt Zambon
|
Batting: RHB Pedro Pinero
|
0-0: Ball 1-0: Ball 2-0: Swinging Strike 2-1: Swinging Strike 2-2: Fly out, F8 (Flyball, 8LD, EV 101.9 MPH)
|
Batting: RHB Dan Grable
|
0-0: Ball 1-0: Ball 2-0: Foul Ball, location: 2F 2-1: Called Strike 2-2: Ball 3-2: Ground out 4-3 (Groundball, 4M, EV 105.0 MPH)
|
Batting: RHB Jason Gee
|
0-0: Swinging Strike 0-1: Foul Ball, location: 2F 0-2: Ball 1-2: Foul Ball, location: 2F 1-2: Foul Ball, location: 2F 1-2: Strikes out swinging
|
Top of the 5th over - 0 runs, 0 hits, 0 errors, 0 left on base; Rochester 1 - Columbus 1 |
BOTTOM OF THE 5TH |
Columbus Clippers batting - Pitching for Rochester Red Wings : RHP Mike Moon
|
Batting: SHB Scott Scott
|
0-0: Swinging Strike 0-1: Called Strike 0-2: Fly out, F7 (Flyball, 7, EV 77.5 MPH)
|
Batting: RHB George Wagner
|
0-0: Called Strike 0-1: Ball 1-1: Foul Ball, location: 2F 1-2: Ground out 3-1 (Groundball, 34, EV 89.4 MPH)
|
Batting: RHB Jason Sher
|
0-0: Ball 1-0: Ground out 6-3 (Groundball, 6, EV 88.8 MPH)
|
Bottom of the 5th over - 0 runs, 0 hits, 0 errors, 0 left on base; Rochester 1 - Columbus 1 |
TOP OF THE 6TH |
Rochester Red Wings batting - Pitching for Columbus Clippers : RHP Matt Zambon
|
Batting: SHB Ian Thompson
|
0-0: Ball 1-0: Ball 2-0: Called Strike 2-1: Fly out, F2 (Popup, 25F, EV 91.9 MPH)
|
Batting: LHB Jon Ventura
|
0-0: Foul Ball, location: 2F 0-1: Foul Ball, location: 2F 0-2: Ground out 4-3 (Groundball, 4M, EV 90.0 MPH)
|
Batting: RHB Leo Gonzalez
|
0-0: Ball 1-0: Ball 2-0: Swinging Strike 2-1: Ball 3-1: Base on Balls
|
Batting: RHB José Molina
|
0-0: Called Strike 0-1: Ball 1-1: Ball 2-1: Ball 3-1: Base on Balls Leo Gonzalez to second
|
Batting: RHB Josh Harmon
|
0-0: Fly out, F8 (Flyball, 8LD, EV 100.6 MPH)
|
Top of the 6th over - 0 runs, 0 hits, 0 errors, 2 left on base; Rochester 1 - Columbus 1 |
BOTTOM OF THE 6TH |
Columbus Clippers batting - Pitching for Rochester Red Wings : RHP Mike Moon
|
Batting: RHB Mike Quackenbush
|
0-0: Foul Ball, location: 2F 0-1: Ball 1-1: Swinging Strike 1-2: Ball 2-2: Strikes out looking
|
Batting: SHB Valentin Laporte
|
0-0: SINGLE (Line Drive, 56D, EV 104.4 MPH)
|
Batting: LHB Zion Davidson
|
0-0: Called Strike 0-1: Ball Valentin Laporte steals 2nd base 1-1: Ball 2-1: Swinging Strike 2-2: Strikes out swinging
|
Batting: RHB Chad Thompson
|
0-0: Ball 1-0: Ground out 4-3 (Groundball, 4, EV 100.0 MPH)
|
Bottom of the 6th over - 0 runs, 1 hit, 0 errors, 1 left on base; Rochester 1 - Columbus 1 |
TOP OF THE 7TH |
Rochester Red Wings batting - Pitching for Columbus Clippers : RHP Matt Zambon
|
Batting: RHB Ryan Gautney
|
0-0: Ground out 1-3 (Groundball, 13S, EV 66.9 MPH)
|
Batting: RHB Pedro Pinero
|
0-0: Ball 1-0: DOUBLE (Groundball, 5L, EV 99.4 MPH)
|
Batting: RHB Dan Grable
|
0-0: Called Strike 0-1: Called Strike 0-2: Ball 1-2: Reached on error, E4 (Groundball, 4, EV 104.4 MPH) Pedro Pinero scores
|
Pitching: RHP Eduardo Garcia
|
|
Batting: RHB Jason Gee
|
0-0: Ball 1-0: Swinging Strike 1-1: Called Strike 1-2: Hit by Pitch
|
Pinch Runner at 2nd Manny Molina:
|
|
Batting: SHB Ian Thompson
|
0-0: Ball 1-0: Ball 2-0: Called Strike 2-1: Called Strike 2-2: Strikes out looking
|
Batting: LHB Jon Ventura
|
0-0: Foul Ball, location: 2F 0-1: Foul Ball, location: 2F 0-2: Ground out U3 (Groundball, 3L, EV 83.1 MPH)
|
Top of the 7th over - 1 run, 1 hit, 1 error, 2 left on base; Rochester 2 - Columbus 1 |
BOTTOM OF THE 7TH |
Columbus Clippers batting - Pitching for Rochester Red Wings : RHP Mike Moon
|
Now at SS: Manny Molina
|
|
Pinch Hitting: LHB Jesus Lozano
|
0-0: Ball 1-0: Ball 2-0: Called Strike 2-1: Ground out 4-3 (Groundball, 4, EV 105.6 MPH)
|
Batting: RHB Josh Hoeye
|
0-0: Called Strike 0-1: Ball 1-1: Ball 2-1: Ball 3-1: Foul Ball, location: 2F 3-2: Strikes out swinging
|
Batting: SHB Scott Scott
|
0-0: Ground out 4-3 (Groundball, 4, EV 83.8 MPH)
|
Bottom of the 7th over - 0 runs, 0 hits, 0 errors, 0 left on base; Rochester 2 - Columbus 1 |
TOP OF THE 8TH |
Rochester Red Wings batting - Pitching for Columbus Clippers : RHP Eduardo Garcia
|
Now at 3B: Jesus Lozano
|
|
Batting: RHB Leo Gonzalez
|
0-0: Called Strike 0-1: Swinging Strike 0-2: Ball 1-2: Fly out, F8 (Line Drive, 8RXD, EV 92.5 MPH)
|
Batting: RHB José Molina
|
0-0: Ball 1-0: Ball 2-0: Called Strike 2-1: Ball 3-1: Swinging Strike 3-2: Base on Balls
|
Batting: RHB Josh Harmon
|
0-0: Called Strike 0-1: Ball 1-1: Fly out, F9 (Flyball, 9S, EV 83.8 MPH)
|
Batting: RHB Ryan Gautney
|
0-0: Ball José Molina steals 2nd base (no throw) 1-0: Ground out 1-3 (Groundball, 13, EV 65.6 MPH)
|
Top of the 8th over - 0 runs, 0 hits, 0 errors, 1 left on base; Rochester 2 - Columbus 1 |
BOTTOM OF THE 8TH |
Columbus Clippers batting - Pitching for Rochester Red Wings : RHP Mike Moon
|
Batting: RHB George Wagner
|
0-0: Foul Ball, location: 2F 0-1: Swinging Strike 0-2: Foul Ball, location: 2F 0-2: SINGLE (Groundball, 56D, EV 97.5 MPH)
|
Batting: RHB Jason Sher
|
0-0: Ball 1-0: Sac Bunt to 5S - play at first, batter OUT! 5-3 George Wagner to second
|
Pinch Hitting: LHB Zack Berney
|
0-0: Ball 1-0: Ball 2-0: Ball 3-0: Called Strike 3-1: Base on Balls
|
Batting: SHB Valentin Laporte
|
0-0: Ball George Wagner steals 3rd base Zack Berney to second 1-0: Called Strike 1-1: Called Strike 1-2: Ball 2-2: SINGLE (Groundball, 56D, EV 109.4 MPH) George Wagner scores Zack Berney to third Runner from 3rd tries for Home, SAFE, throw by LF to home
|
Batting: LHB Zion Davidson
|
0-0: Swinging Strike Pickoff Throw by Catcher to First - Out! 0-1: Ball 1-1: Ball 2-1: Ball 3-1: Called Strike 3-2: Foul Ball, location: 2F 3-2: Ground out 6-3 (Groundball, 6, EV 82.5 MPH)
|
Bottom of the 8th over - 2 runs, 2 hits, 0 errors, 0 left on base; Rochester 2 - Columbus 3 |
TOP OF THE 9TH |
Rochester Red Wings batting - Pitching for Columbus Clippers : RHP Eduardo Garcia
|
Pitching: RHP Dennis Beals
|
|
Now at SS: Rick O'Reilly
|
|
Batting: RHB Pedro Pinero
|
0-0: Called Strike 0-1: Fly out, F8 (Flyball, 8LD, EV 85.0 MPH)
|
Batting: SHB Manny Molina
|
0-0: Ball 1-0: Ball 2-0: Called Strike 2-1: SINGLE (Groundball, 4M, EV 102.5 MPH) (infield hit)
|
Batting: RHB Jason Gee
|
0-0: Ball 1-0: SINGLE (Line Drive, 89S, EV 100.0 MPH) Manny Molina to second Runner from 2nd tries for 3rd, SAFE, throw by CF made to third
|
Batting: SHB Ian Thompson
|
0-0: Ball 1-0: Called Strike Jason Gee steals 2nd base (no throw) 1-1: Ball 2-1: Foul Ball, location: 2F 2-2: Foul Ball, location: 2F 2-2: Ball 3-2: Foul Ball, location: 2F 3-2: Fly out, F7 (Flyball, 78M, EV 82.5 MPH)
|
Batting: LHB Jon Ventura
|
0-0: Intentional Walk
|
Batting: RHB Leo Gonzalez
|
0-0: Called Strike 0-1: Called Strike 0-2: Strikes out swinging
|
Top of the 9th over - 0 runs, 2 hits, 0 errors, 3 left on base; Rochester 2 - Columbus 3 |
|